 Dungeon Crawl Stone Soup version 0.21.1-1-g345015f (webtiles) character file.

116 lyrx the Sneak (level 4, -4/21 HPs)
             Began as a Spriggan Enchanter on Mar 12, 2018.
             Killed by divine providence
             ... invoked by an orc priest
              (13 damage)
             ... on level 3 of the Dungeon.
             The game lasted 00:17:04 (2934 turns).

lyrx the Sneak (Spriggan Enchanter)                 Turns: 2934, Time: 00:17:05

Health: -4/21      AC:  2    Str:  4    XL:     4   Next: 70%
Magic:  7/9        EV: 19    Int: 16    God:
Gold:   134        SH:  0    Dex: 17    Spells: 6/9 levels left

rFire    . . .     SeeInvis +   a - +1 dagger
rCold    . . .     Gourm    .   (shield restricted)
rNeg     . . .     Faith    .   b - +0 robe
rPois    .         Spirit   .   (helmet restricted)
rElec    .         Reflect  .   (no cloak)
rCorr    .         Harm     .   (gloves unavailable)
MR       .....                  (boots unavailable)
Stlth    ++++......             (no amulet)
HPRegen  0.07/turn              (no ring)
MPRegen  0.11/turn              (no ring)

@: very quick
A: very small, unfitting armour, see invisible, herbivore, speed 3, slow
metabolism 2
a: no special abilities


You were on level 3 of the Dungeon.
You were not hungry.

You visited 1 branch of the dungeon, and saw 3 of its levels.

You collected 134 gold pieces.

Inventory:

Hand Weapons
 a - a +1 dagger (weapon)
Armour
 b - a +0 robe (worn)
Wands
 l - a wand of polymorph (9)
Scrolls
 e - a scroll of blinking {unknown}
 g - a scroll of remove curse
 h - a scroll of identify
 j - a scroll of fear {unknown}
 k - a scroll of enchant armour {unknown}
Potions
 f - a potion of lignification
 i - a potion of haste
 m - 2 potions of curing {unknown}
Books
 c - a book of Maledictions

   Spells                             Type                      Level
   a - Corona                         Hexes                        1
   b - Ensorcelled Hibernation        Hexes/Ice                    2
   c - Confuse                        Hexes                        3
   d - Tukima's Dance                 Hexes                        3
   e - Dazzling Spray                 Conjuration/Hexes            3
Comestibles
 d - 4 rations


   Skills:
 + Level 0.3 Fighting
 + Level 1.7 Short Blades
 + Level 3.5 Dodging
 * Level 6.8 Stealth
 + Level 3.0 Spellcasting
 + Level 4.1 Hexes
 + Level 0.7 Ice Magic


You had 6 spell levels left.
You knew the following spells:

 Your Spells              Type           Power        Failure   Level  Hunger
a - Corona                Hex            ###....      3%          1    #......
b - Ensorcelled Hibernat  Hex/Ice        ##....       11%         2    ##.....


Dungeon Overview and Level Annotations

Branches:
Dungeon (3/15)

Altars:
Yredelemnul


Innate Abilities, Weirdness & Mutations

You are very small and have problems with some larger weapons.
You are too small for most types of armour.
You have supernaturally acute eyesight. (SInv)
You are a herbivore.
You cover ground extremely quickly.
You need consume almost no food.


Message History

You start resting.
HP restored.
The orc priest shouts!
You hear a shout!
The orc priest is too close now for your liking.
Casting: Ensorcelled Hibernation
Confirm with . or Enter, or press ? or * to list all spells.
Aiming: Ensorcelled Hibernation
Press: ? - help, Shift-Dir - straight line, f/p - orc priest
Aim: an orc priest, wielding a dagger (chance to defeat MR: 41%)
The orc priest looks drowsy...
The orc completely misses you.
The orc priest shouts!
You hit the orc priest.
The orc priest is moderately wounded.
The orc priest hits you with a dagger.
The orc hits you from afar with a trident!
The orc priest calls down the wrath of Beogh upon you.
Beogh smites you!
Ouch! That really hurt!
You die...

##........#.........#
...###.####.........#
..............o.$...#
.#.....####....o....#
.###...#####.##.##### .#
#.....###..#.## ##
##.##..###....# #
#.##..# ##.#.# #.##..##
#.#@# #####.##...#
#...##
..##.....#.####...#
...#.....#....#.#.#
#.........###.#.#...
##.........##.#.###...
........#.....#.#####.#
)##...................#
.#######........<####..#


You could see an orc priest and an orc.

Vanquished Creatures
  Robin (D:2)
  3 adders
  An ooze (D:3)
  5 worms
  3 dart slugs
  2 leopard geckos (D:1)
  2 orcs (D:3)
  2 giant cockroaches (D:2)
  13 goblins
  3 hobgoblins
  5 kobolds
  A ball python (D:2)
  5 bats
  3 frilled lizards
  4 rats
  A spectral orc (D:2)
54 creatures vanquished.

Notes
Turn   | Place    | Note
-------+----------+-------------------------------------------
     0 | D:1      | lyrx the Spriggan Enchanter began the quest for the Orb.
     0 | D:1      | Reached XP level 1. HP: 9/9 MP: 5/5
    51 | D:1      | You fall through a shaft!
   513 | D:1      | Reached XP level 2. HP: 13/13 MP: 6/6
   517 | D:1      | Learned a level 2 spell: Ensorcelled Hibernation
   678 | D:1      | Reached skill level 5 in Stealth
  1232 | D:2      | Noticed Robin
  1233 | D:2      | Killed Robin
  1233 | D:2      | Reached XP level 3. HP: 16/16 MP: 6/8
  1567 | D:2      | Found a basalt altar of Yredelemnul.
  1824 | D:2      | Reached skill level 6 in Stealth
  1974 | D:2      | Reached XP level 4. HP: 21/21 MP: 9/9
  2934 | D:3      | Killed from afar by an orc priest

Skill      XL: |  1  2  3 |
---------------+----------+-----
Stealth        | 5 6 |  6.8
Spellcasting   | 3 |  3.0
Hexes          | 4 |  4.1
Fighting       | |  0.3
Short Blades   | |  1.7
Dodging        | |  3.5
Ice Magic      | |  0.7

Action                   |  1- 3 |  4- 6 || total
-------------------------+-------+-------++-------
Melee: Dagger            |    82 |    44 ||   126
 Cast: Ensorcelled Hiber |    14 |    20 ||    34
  Use: Scroll            |       |     2 ||     2
       Potion            |       |     1 ||     1
 Stab: Sleeping          |    24 |    11 ||    35
  Eat: Ration            |       |     1 ||     1
Armor: Robe              |     6 |     2 ||     8
Dodge: Dodged            |    43 |    31 ||    74
